 Dungeon Crawl Stone Soup version 0.29.0-4-gdea44cf6ec (webtiles) character file.

Game seed: 5497844938651949871

56 greasedhog the Sneak (level 3, 0/20 HPs)
             Began as a Gargoyle Wanderer on Aug 26, 2022.
             Slain by an adder (3 damage)
             ... on level 2 of the Dungeon.
             The game lasted 00:03:09 (2515 turns).

greasedhog the Sneak (Gargoyle Wanderer)            Turns: 2515, Time: 00:03:09

Health: 0/20       AC:  9    Str: 17    XL:     3   Next: 97%
Magic:  4/4        EV: 11    Int: 17    God:
Gold:   77         SH:  0    Dex:  9    Spells: 3/4 levels left

rFire   . . .      SeeInvis .   k - +0 dagger
rCold   . . .      Faith    .   (no shield)
rNeg    + . .      Spirit   .   c - +0 robe
rPois   ∞          Reflect  .   a - +0 helmet of Greater Demons {Regen+ Str+5}
rElec   +          Harm     .   (no cloak)
rCorr   .          Rampage  .   d - +0 pair of gloves
Will    .....                   (no boots)
Stlth   ++........              (no amulet)
HPRegen 0.06/turn               (no ring)
MPRegen 0.09/turn               (no ring)

@: no status effects
A: sickness immunity, AC +3, negative energy resistance 1, electricity
resistance, torment resistance 1, petrification resistance, iridescent scales 1,
low MP 1
a: no special abilities


You were on level 2 of the Dungeon.
You visited 1 branch of the dungeon, and saw 2 of its levels.

You collected 77 gold pieces.

Inventory:

Hand Weapons
 k - a +0 dagger (weapon)
Armour
 a - the +0 helmet of Greater Demons (worn) {Regen+ Str+5}
   (You acquired it on level 2 of the Dungeon)

   Str:       It affects your strength (+5).
   Regen:     It increases your rate of health regeneration.
 c - a +0 robe (worn)
 d - a +0 pair of gloves (worn)
Scrolls
 b - a scroll of fear
 e - 2 scrolls of identify
 g - a scroll of vulnerability


   Skills:
 - Level 1.1 Fighting
 - Level 1.0 Dodging
 * Level 3.7 Stealth
 - Level 1.0 Spellcasting
 * Level 3.5 Hexes
 - Level 1.0 Fire Magic
 - Level 1.0 Evocations


You had 3 spell levels left.
You knew the following spells:

 Your Spells              Type           Power      Damage    Failure   Level
a - Slow                  Hex            52%        N/A       4%          1

Your spell library contained the following spells:

 Spells                   Type           Power      Damage    Failure   Level
 Foxfire                  Conj/Fire      8%         2x1d4     17%         1
 Portal Projectile        Hex/Tloc       12%        N/A       30%         3
 Conjure Flame            Conj/Fire      2%         6-21      45%         3
 Fulminant Prism          Conj/Hex       3%         3d6       71%         4


Dungeon Overview and Level Annotations

Branches:
Dungeon (2/15)

Altars:

Annotations:
D:2 Terence


Innate Abilities, Weirdness & Mutations

You are immune to sickness and miasma.
Your stone body is resilient. (AC +3)
You are immune to poison.
You resist negative energy. (rN+)
You are resistant to electric shocks. (rElec)
You are resistant to unholy torment.
You are immune to petrification.
You are partially covered in iridescent scales. (AC +2)
Your magical capacity is low. (-10% MP)


Message History

You barely miss the adder.
The adder is heavily wounded.
The adder bites you but does no damage.
You miss the adder.
The adder is heavily wounded.
The adder bites you but does no damage. The adder barely misses you.
You miss the adder.
The adder is heavily wounded.
The adder closely misses you.
You barely miss the adder.
The adder is heavily wounded.
The adder bites you but does no damage.
You hit the adder.
The adder is almost dead.
The adder bites you but does no damage.
You hit the adder.
The adder is almost dead.
The adder bites you but does no damage. The adder bites you.
You hit the adder but do no damage.
The adder is almost dead.
The adder bites you but does no damage.
You miss the adder.
The adder is almost dead.
The adder bites you.
You miss the adder.
The adder is almost dead.
The adder bites you.
* * * LOW HITPOINT WARNING * * *
The adder bites you but does no damage.
You closely miss the adder.
The adder is almost dead.
The adder barely misses you.
You closely miss the adder.
The adder is almost dead.
The adder bites you.
* * * LOW HITPOINT WARNING * * *
You closely miss the adder.
The adder is almost dead.
The adder misses you. The adder bites you.
You die...

#.# .# #.# .# #.# .# #.# .#
#†# .# ....#.# .# ....#.#
.######## #..##.# .##.....#
#..##@# .##.....# #..##S#
.##.....# #..##.# .##.....#
#...#.#######.
.##.....#####..#.........
...................#####
.##.....######.....#####...
.##.....######.............
.##................###########


You could see an adder.

Vanquished Creatures
  3 gnolls (D:2)
  2 dart slugs (D:1)
  A ball python (D:1)
  3 bats
  2 endoplasms (D:1)
  A giant cockroach (D:1)
  A goblin (D:1)
  2 hobgoblins
  A jackal (D:1)
  2 quokkas (D:2)
  2 kobolds (D:1)
  2 rats
22 creatures vanquished.

Vanquished Creatures (others)
  A plant (D:1)
1 creature vanquished.

Grand Total: 23 creatures vanquished

Notes
Turn   | Place    | Note
-------+----------+-------------------------------------------
     0 | D:1      | greasedhog the Gargoyle Wanderer began the quest for the
                  | Orb.
     0 | D:1      | greasedhog set off with the following items: a +0 club, a
                  | scroll of fear, a +0 robe, a +0 pair of gloves; and the
                  | following spells available to memorise: Slow, Foxfire,
                  | Portal Projectile, Conjure Flame, Fulminant Prism.
     0 | D:1      | Reached XP level 1. HP: 12/12 MP: 2/2
     6 | D:1      | Learned a level 1 spell: Slow
   581 | D:1      | Reached XP level 2. HP: 16/16 MP: 0/3
  1807 | D:2      | Reached XP level 3. HP: 9/20 MP: 2/4
  2246 | D:2      | Found a faded altar of an unknown god.
  2308 | D:2      | Noticed Terence
  2330 | D:2      | Gained mutation: Your magical capacity is low. (-10% MP)
                  | [potion of mutation]
  2330 | D:2      | Gained mutation: You are partially covered in iridescent
                  | scales. (AC +2) [potion of mutation]
  2332 | D:2      | Identified a scroll of acquirement
  2333 | D:2      | Acquired the +0 helmet of Greater Demons {Regen+ Str+5}
  2515 | D:2      | Slain by an adder

Illustrated notes

Levels and vault maps discovered:
D:1:      ncdulo_lavacross, layout_basic, serial_bayou, serial_bayou_shore_a,
          serial_bayou_lake_a, serial_bayou_pond_c, serial_bayou_pond_a,
          chequers_serial_rivers_micro_b, grunt_decor_junction,
          minmay_misc_feat_ornament, minmay_tall_x
D:2:      layout_basic, shapermc_ecumenical_altar_gd, uniq_terence

Skill      XL: |  1  2 |
---------------+-------+-----
Hexes          | 3 |  3.5
Stealth        | 3 |  3.7
Fighting       | |  1.1
Dodging        | |  1.0
Spellcasting   | |  1.0
Fire Magic     | |  1.0
Evocations     | |  1.0

Action                   || total
-------------------------++-------
Melee: Club              ||    22
       Dagger            ||   193
 Cast: Slow              ||    17
  Use: Potion            ||     4
       Scroll            ||     4
 Stab: Distracted        ||     1
       Sleeping          ||     1
Armor: Robe              ||    86
Dodge: Dodged            ||    92
